 Dungeon Crawl Stone Soup version 0.28.0-43-g3370ac3207 (webtiles) character file.

Game seed: 2397866713856829157

28 croobank the Magician (level 3, -1/25 HPs)
             Began as a Djinni Conjurer on Mar 24, 2022.
             Slain by Terence
             ... wielding a +0 flail
              (8 damage)
             ... on level 1 of the Dungeon.
             The game lasted 00:03:50 (1595 turns).

croobank the Magician (Djinni Conjurer)             Turns: 1595, Time: 00:04:02

Health: -1/25      AC:  3    Str:  6    XL:     3   Next: 27%
Gold:   80         EV: 12    Int: 21    God:
                   SH:  0    Dex: 11

rFire   + + .      SeeInvis .   b - +0 spear
rCold   x . .      Faith    .   (no shield)
rNeg    . . .      Spirit   .   a - +0 robe
rPois   ∞          Reflect  .   (no helmet)
rElec   .          Harm     .   (no cloak)
rCorr   .          Rampage  .   e - +0 pair of gloves
Will    .....                   (boots unavailable)
Stlth   ++........              (no amulet)
HPRegen 0.08/turn               (no ring)
MPRegen 0.00/turn               (no ring)

@: flying
A: sickness immunity, fire resistance 2, cold vulnerability 1, float, innate
caster, HP casting, extra vitality 1
a: no special abilities


You were on level 1 of the Dungeon.
You visited 1 branch of the dungeon, and saw 2 of its levels.

You collected 80 gold pieces.

Inventory:

Hand Weapons
 b - a +0 spear (weapon)
Missiles
 c - a throwing net
 d - 39 stones
 g - 15 bolts
Armour
 a - a +0 robe (worn)
 e - a +0 pair of gloves (worn)
Jewellery
 h - a ring of protection from fire
Scrolls
 f - a scroll of torment {unknown}


   Skills:
 - Level 2.7 Dodging
 - Level 2.0 Stealth
 + Level 3.6 Spellcasting


You couldn't memorise any spells.
You knew the following spells:

 Your Spells              Type           Power      Damage    Failure   Level
a - Magic Dart            Conj           76%        1d6       2%          1
b - Searing Ray           Conj           38%        2d5       4%          2
c - Dazzling Flash        Conj/Hex       38%        N/A       9%          3
d - Fulminant Prism       Conj/Hex       9%         3d7       28%         4
e - Iskenderun's Mystic   Conj/Tloc      19%        2d6       28%         4
f - Freeze                Ice            76%        1d9       2%          1
Your spell library was empty.

Dungeon Overview and Level Annotations

Branches:
Dungeon (2/15)

Altars:

Annotations:
D:1 Terence


Innate Abilities, Weirdness & Mutations

You are immune to sickness and miasma.
You are immune to poison.
Your flesh is very heat resistant. (rF++)
You are vulnerable to cold. (rC-)
You float through the air rather than walking.
You learn spells naturally, not from books.
Your magical power is your life essence.
You have superior vitality. (+4 MHP)


Message History

Confirm with . or Enter, or press ? or * to list all spells.
Aiming: Magic Dart (safe; 2% risk of failure)
Press: ? - help, Shift-Dir - straight line, f - goblin
Aim: a goblin, wielding a +0 dagger (moderately wounded, 100% to hit)
The magic dart hits the goblin.
You kill the goblin!
You start resting.
HP restored.
You start waiting.
Done waiting.
You fly downwards.
Level annotation: Terence The adder skeleton misses you.
Terence barely misses you. The adder skeleton barely misses you.
There is a stone staircase leading up here.
Terence hits you with a +0 flail. The adder skeleton closely misses you.
You fly upwards.
There is a stone staircase leading down here.
Casting: Magic Dart (safe; 2% risk of failure)
Confirm with . or Enter, or press ? or * to list all spells.
The spell is quite dangerous to miscast (9% risk of failure)!
Continue anyway?
Casting: Dazzling Flash (quite dangerous; 9% risk of failure)
Press: ? - help, Dir - look around, f - activate Terence is dazzled.
Terence hits you with a +0 flail!
Casting: Dazzling Flash (quite dangerous; 9% risk of failure)
Confirm with . or Enter, or press ? or * to list all spells.
Aiming: Magic Dart (safe; 2% risk of failure)
Press: ? - help, Shift-Dir - straight line, f - Terence
Aim: Terence, wielding a +0 flail and wearing a +0 scale mail (blind, 100% to hit)
The magic dart hits Terence but does no damage.
Terence barely misses you.
Casting: Magic Dart (safe; 2% risk of failure)
Confirm with . or Enter, or press ? or * to list all spells.
Aiming: Magic Dart (safe; 2% risk of failure)
Press: ? - help, Shift-Dir - straight line, f/p - Terence
Aim: Terence, wielding a +0 flail and wearing a +0 scale mail (blind, 100% to hit)
The magic dart hits Terence but does no damage.
* * * LOW HITPOINT WARNING * * *
Terence hits you with a +0 flail!
You die...

.#..#.#.##....†..# #.#.#.#
#.#. ......#.##.......#
#.#.#.# #.#.
......#.##.......#
#.#.#.###.#.
#####.#.##.......#
#.#.#.....#.
....#.#.##.......#
#.#.#######.
....#.#.#####'####
#...........
#...#....####.#
#.#.########
....#.......#.##########.#
.#..#.......'..@@.#......#
#...##......#.#..##.######
....#.........#..##.#
#...#..##..####..##.#
....#..###.# #..##.#
...##..# #.# #..##.#
.......###.####..##.#
...##.............#.#
#...##.####....#.##.#


You could see Terence (blind).

Vanquished Creatures
  A dart slug (D:1)
  4 goblins (D:1)
  A hobgoblin (D:1)
  3 quokkas (D:1)
  A ball python (D:1)
  6 bats
  3 frilled lizards (D:1)
  3 kobolds
  5 rats
27 creatures vanquished.

Notes
Turn   | Place    | Note
-------+----------+-------------------------------------------
     0 | D:1      | croobank the Djinni Conjurer began the quest for the Orb.
     0 | D:1      | Reached XP level 1. HP: 15/15 MP: 0/0
   335 | D:1      | Found a faded altar of an unknown god.
   355 | D:1      | Reached XP level 2. HP: 20/21 MP: 0/0
   878 | D:1      | Reached XP level 3. HP: 24/25 MP: 0/0
   878 | D:1      | Learned a level 1 spell: Freeze
  1368 | D:2      | Noticed Terence
  1595 | D:1      | Slain by Terence

Illustrated notes

Levels and vault maps discovered:
D:1:      matt_arrival_debris, layout_basic, chequers_ecumenical_altar_simple,
          roderic_cross_of_infinity, minmay_pentomino_v2
D:2:      layout_basic, uniq_terence

Skill      XL: |  1  2 |
---------------+-------+-----
Stealth        | 2 |  2.0
Dodging        | |  2.7
Spellcasting   | |  3.6

Action                   || total
-------------------------++-------
Melee: Spear             ||     4
 Cast: Magic Dart        ||    42
       Searing Ray       ||     2
       Dazzling Flash    ||     1
Armor: Robe              ||     1
Dodge: Dodged            ||    12
